 Dungeon Crawl Stone Soup version 0.18.1-8-gdd0e5ea (webtiles) character file.

131 Wooh the Insei (level 5, -1/27 HPs)
             Began as a Vine Stalker Monk on May 28, 2016.
             Was a Believer of Dithmenos.
             Slain by an iguana (13 damage)
             ... on level 4 of the Dungeon.
             The game lasted 00:05:31 (2739 turns).

Wooh the Insei (Vine Stalker Monk)                  Turns: 2739, Time: 00:05:32

Health: -1/27      AC:  3    Str: 14    XL:     5   Next: 14%
Magic:  0/6        EV: 10    Int: 10    God:    Dithmenos [**....]
Gold:   155        SH:  0    Dex: 17    Spells: 0 memorised, 4 levels left

rFire  . . .     SeeInvis .       - Unarmed
rCold  . . .     Gourm    .     a - +0 robe
rNeg   . . .     Faith    .     (no shield)
rPois  .         Spirit   +     (no helmet)
rElec  .         Dismiss  .     (no cloak)
rCorr  .         Reflect  .     v - +0 pair of gloves (curse)
SustAt .         Harm     .     (no boots)
MR     .....                    (no amulet)
Stlth  ++++......               k - -3 ring of evasion (curse)
                                d - ring of stealth

@: wreathed by umbra, not resistant to hostile enchantments, stealthy
A: fangs 2, regeneration 1, magic shield, antimagic bite, no device heal 3, rot
immunity
a: Shadow Step, Renounce Religion


You were on level 4 of the Dungeon.
You worshipped Dithmenos.
Dithmenos was pleased with you.
You were not hungry.

You visited 2 branches of the dungeon, and saw 5 of its levels.

You collected 155 gold pieces.

Inventory:

Missiles
 h - 15 arrows
 n - 5 poisoned needles
 u - 4 tomahawks (quivered)
Armour
 a - a +0 robe (worn)
 v - a cursed +0 pair of gloves (worn)
Jewellery
 d - a ring of stealth (left hand)
 f - a +3 ring of intelligence
 k - a cursed -3 ring of evasion (right hand)
Wands
 B - a wand of polymorph (11/24)
 D - a wand of random effects (32/48)
Scrolls
 j - a scroll of amnesia
 m - a scroll of noise {unknown}
 o - a scroll of recharging {unknown}
 r - 2 scrolls of immolation {unknown}
 s - 6 scrolls of identify {unknown}
 x - a scroll of remove curse {unknown}
 A - a scroll of magic mapping {unknown}
Potions
 e - 2 potions of agility {unknown}
 g - 2 potions of berserk rage {unknown}
 i - 2 potions of haste {unknown}
 l - a potion of brilliance {unknown}
 q - a potion of might {unknown}
 z - a potion of curing {unknown}
Books
 y - a book of Necromancy

   Spells                             Type                      Level
   a - Pain                           Necromancy                   1
   b - Animate Skeleton               Necromancy                   1
   c - Vampiric Draining              Necromancy                   3
   d - Regeneration                   Charms/Necromancy            3
   e - Animate Dead                   Necromancy                   4
   f - Control Undead                 Necromancy                   4
Comestibles
 b - 3 bread rations
 c - a fruit
 p - a royal jelly
 t - a meat ration
 w - a slice of pizza
 C - 2 chunks of flesh


   Skills:
 - Level 2.6 Fighting
 - Level 2.4 Dodging
 - Level 2.4 Stealth
 + Level 6.3 Unarmed Combat


You had 4 spell levels left.
You didn't know any spells.

Dungeon Overview and Level Annotations

Branches:
Dungeon (4/15)             Temple (1/1) D:4

Altars:
Ashenzari
Cheibriados
Dithmenos
Elyvilon
Fedhas
Gozag
Kikubaaqudgha
Nemelex Xobeh
Pakellas
Qazlal
Ru
Sif Muna
Trog
Vehumet
Xom
Yredelemnul
Zin
The Shining One


Innate Abilities, Weirdness & Mutations

You have extremely sharp teeth.
Your natural rate of healing is unusually fast.
When hurt, damage is shared between your health and your magic reserves.
Your bite disrupts and absorbs the magic of your enemies.
Potions and wands cannot restore your health.
You are immune to rotting.


Message History

You climb upwards.
Welcome back to the Dungeon!
There is a staircase to the Ecumenical Temple here.
The orc wizard is too close now for your liking.
The orc wizard shouts!
The iguana hisses angrily.
You hear a shout! x3
An orc comes into view. It is wielding a club.
The orc wizard hits you with a dagger.
An adder comes into view.
You hit the orc wizard.
The orc wizard is heavily wounded.
The orc wizard hits you with a dagger.
The adder moves out of view.
You hit the orc wizard but do no damage.
The orc wizard is heavily wounded.
The iguana bites you.
An orc and an orc priest come into view.
The orc moves out of view.
The orc wizard mumbles some strange words.
The orc wizard seems to speed up.
You closely miss the iguana. The iguana bites you! The iguana bites you!
You die...

#>#####.#..................
#.............#.####..#.##.
###........####..........#.
#..##.#..# ######..#..#.
#..##.#..# #..#..#.
#..##.#..#########..#..#.
#..##.#....#.8.#.......#.
......#.##.......###...#.
##..#.##.@..8.>.8.......#.
#.#l###.....####.#.#.
#oo...#.8.#.........
#.o.###.............#
#...### #.########.#...
#...o #.# #.#.## #..... #.#
#.#># #.... ... . #.# .....
..# # #.#


You could see an iguana, an orc priest, an orc wizard and 2 orcs.

Vanquished Creatures
  7 adders
  2 worms
  4 giant geckos
  2 ball pythons
  3 giant cockroaches
  4 goblins
  8 hobgoblins
  4 jackals (D:1)
  2 quokkas
  10 bats
  4 giant newts
  2 kobolds
  5 rats
57 creatures vanquished.

Notes
Turn   | Place    | Note
--------------------------------------------------------------
     0 | D:1      | Wooh the Vine Stalker Monk began the quest for the Orb.
     0 | D:1      | Reached XP level 1. HP: 11/11 MP: 2/2
   115 | D:1      | Reached XP level 2. HP: 16/16 MP: 3/3
   522 | D:1      | Reached XP level 3. HP: 13/19 MP: 2/4
   669 | D:2      | Reached skill level 5 in Unarmed Combat
  1394 | D:3      | Reached XP level 4. HP: 20/23 MP: 5/5
  2313 | D:3      | Reached skill level 6 in Unarmed Combat
  2442 | D:4      | Reached XP level 5. HP: 13/27 MP: 2/6
  2641 | D:4      | Found a staircase to the Ecumenical Temple.
  2648 | Temple   | Entered the Ecumenical Temple
  2693 | Temple   | Became a worshipper of Dithmenos the Shadowed
  2693 | Temple   | Reached * piety under Dithmenos
  2693 | Temple   | Reached ** piety under Dithmenos
  2739 | D:4      | Slain by an iguana

Skill      XL: |  1  2  3  4 |
---------------+-------------+-----
Unarmed Combat | 5 6 |  6.3
Fighting       | |  2.6
Dodging        | |  2.4
Stealth        | |  2.4

Action                   |  1- 3 |  4- 6 || total
-------------------------+-------+-------++-------
Melee: Unarmed           |   109 |    58 ||   167
       Bite              |    18 |    14 ||    32
       Punch             |     3 |     2 ||     5
  Use: Scroll            |     3 |       ||     3
 Stab: Sleeping          |     6 |     5 ||    11
       Distracted        |     2 |       ||     2
  Eat: Chunk             |     2 |     4 ||     6
Armor: Robe              |    24 |    12 ||    36
Dodge: Dodged            |    65 |    16 ||    81
